[Event "WCh U20"]
[Site "Pun"]
[Date "2014.10.14"]
[Round "8"]
[White "Iniyan, P."]
[Black "Praggnanandhaa, R."]
[Result "1-0"]
[ECO "D58"]
[WhiteElo "2151"]
[BlackElo "1946"]
[Annotator "Doe,John"]
[PlyCount "139"]
[EventDate "2014.10.06"]
[EventType "swiss"]
[EventRounds "13"]
[EventCountry "IND"]
[TimeControl "6000+1620"]
[WhiteClock "0:49:04"]
[BlackClock "0:40:45"]

1. d4 d5 2. c4 e6 3. Nc3 Nf6 4. Bg5 Be7 5. e3 O-O 6. Bd3 h6 7. Bh4 b6 8. Nf3
Bb7 9. Rc1 Nbd7 10. O-O c5 11. cxd5 Nxd5 12. Bg3 cxd4 13. Nxd4 Nxc3 14. Rxc3
Nc5 15. Bb1 Bf6 16. f3 e5 17. Qc2 Be4 18. fxe4 exd4 19. e5 d3 20. Qd1 Bh4 21.
Bf4 g5 22. Bg3 Bxg3 23. hxg3 Qd5 24. Qh5 Qxe5 25. Qxh6 Qxe3+ 26. Kh2 Rad8 27.
Rf5 Ne6 28. Rc6 Qd4 29. Rf6 Rfe8 30. a3 Qd5 31. Rc3 Qe4 32. Qh5 Qh7 33. Rh6 Qg7
34. Bxd3 Nf8 35. Bc4 Re7 36. Rf3 Rdd7 37. Rff6 Rc7 38. Ba2 Ne6 39. Bxe6 Rxe6
40. Rxe6 fxe6 41. Qe8+ Qf8 42. Rh8+ Kxh8 43. Qxf8+ Kh7 44. Qf6 Rg7 45. g4 Rg6
46. Qf7+ Rg7 47. Qxe6 Rg6 48. Qf5 Kh6 49. Kg3 Kh7 50. Kf3 Kh6 51. Ke4 Kh7 52.
Ke5 Kh6 53. Qxg6+ Kxg6 54. Ke6 b5 55. b4 a6 56. Ke5 Kg7 57. Kf5 Kh6 58. Kf6 Kh7
59. Kxg5 Kg7 60. Kf5 Kf7 61. g5 Kg7 62. g6 Kg8 63. Kf6 Kf8 64. g7+ Kg8 65. g3
a5 66. bxa5 b4 67. a6 bxa3 68. a7 a2 69. a8=Q+ Kh7 70. Qh8# 1-0

[Event "WCh U20"]
[Site "Pun"]
[Date "2014.10.14"]
[Round "8"]
[White "Vandewiele, Emiel"]
[Black "Yogesh, Gautam"]
[Result "0-1"]
[ECO "D00"]
[WhiteElo "1882"]
[BlackElo "2144"]
[Annotator "Doe,John"]
[PlyCount "80"]
[EventDate "2014.10.06"]
[EventType "swiss"]
[EventRounds "13"]
[EventCountry "IND"]
[TimeControl "6000+1050"]
[WhiteClock "0:14:18"]
[BlackClock "0:14:25"]

1. d4 d5 2. e3 Nf6 3. Bd3 c5 4. c3 Nc6 5. f4 Bg4 6. Nf3 e6 7. O-O Be7 8. Nbd2
O-O 9. Qe1 Bf5 10. Ne5 Nxe5 11. Bxf5 Nf3+ 12. gxf3 exf5 13. b3 Rc8 14. Bb2 cxd4
15. cxd4 Bd6 16. Rc1 Qe7 17. Qf2 Rfe8 18. Rxc8 Rxc8 19. Rc1 Re8 20. Nf1 g6 21.
Rc3 h6 22. Qc2 Qd7 23. Qg2 Kh7 24. Rc2 a5 25. Qd2 a4 26. Qa5 axb3 27. axb3 g5
28. fxg5 hxg5 29. Ba3 Bb8 30. Rg2 g4 31. Qe1 Kg6 32. h3 Rh8 33. hxg4 fxg4 34.
Ng3 gxf3 35. Qb1+ Ne4 36. Nxe4+ fxg2 37. Ng3+ f5 38. Kxg2 Bxg3 39. Kxg3 Qc7+
40. Kf3 Qh2 0-1

[Event "WCh U20"]
[Site "Pun"]
[Date "2014.10.14"]
[Round "8"]
[White "Ajay Krishna, S."]
[Black "Fisher, William"]
[Result "0-1"]
[ECO "E63"]
[WhiteElo "2072"]
[BlackElo "2313"]
[Annotator "Doe,John"]
[PlyCount "104"]
[EventDate "2014.10.06"]
[EventType "swiss"]
[EventRounds "13"]
[EventCountry "IND"]
[TimeControl "6000+1020"]
[WhiteClock "0:51:16"]
[BlackClock "0:25:44"]

1. d4 Nf6 2. Nf3 g6 3. g3 Bg7 4. Bg2 O-O 5. O-O d6 6. c4 Nc6 7. Nc3 a6 8. h3
Na5 9. Qa4 c5 10. dxc5 dxc5 11. Ne5 Ne8 12. Nd3 Nd6 13. Nxc5 Naxc4 14. Nd5 Nxb2
15. Bxb2 Bxb2 16. Rab1 Bg7 17. Rfc1 b5 18. Qh4 Ra7 19. Rd1 Nf5 20. Qf4 Nd4 21.
Qb8 Nc6 22. Qf4 e5 23. Qd2 Qa5 24. Qb2 Nd4 25. Rbc1 Be6 26. Nb4 Bc4 27. Kh2 Qb6
28. Ne4 f5 29. Nc3 e4 30. e3 Ne2 31. Nbd5 Qa5 32. Bf1 Nxc1 33. Bxc4 bxc4 34.
Qxc1 Rd8 35. Ne2 Qc5 36. Nef4 Kf7 37. h4 Rad7 38. Qb1 Be5 39. Rc1 Rxd5 40. Nxd5
Qxd5 41. Qb4 c3 42. Rc2 Rb8 43. Qa4 a5 44. a3 Qb5 45. Qxb5 Rxb5 46. Kg2 Rb2 47.
Rc1 Ra2 48. Rb1 c2 49. Rc1 Bc3 50. Kf1 Ra1 51. Rxa1 Bxa1 52. Ke2 c1=Q 0-1

[Event "WCh U20"]
[Site "Pun"]
[Date "2014.10.14"]
[Round "8"]
[White "Rakesh, Kumar Nayak"]
[Black "Abhishek, A."]
[Result "1/2-1/2"]
[ECO "A36"]
[WhiteElo "2057"]
[BlackElo "2138"]
[Annotator "Doe,John"]
[PlyCount "77"]
[EventDate "2014.10.06"]
[EventType "swiss"]
[EventRounds "13"]
[EventCountry "IND"]
[TimeControl "6000+2035"]
[WhiteClock "0:00:56"]
[BlackClock "0:00:43"]

1. c4 g6 2. g3 Bg7 3. Bg2 d6 4. Nc3 Nf6 5. e4 O-O 6. Nge2 c5 7. d3 Nc6 8. O-O
a6 9. h3 Rb8 10. a4 e6 11. Be3 Qe7 12. Qd2 Rd8 13. f4 Nb4 14. a5 b5 15. axb6
Nd7 16. g4 Bb7 17. Rae1 f5 18. gxf5 exf5 19. Ng3 Qf7 20. Kh2 Nxb6 21. Rg1 Kh8
22. Re2 Nc6 23. exf5 gxf5 24. Nd5 Nd4 25. Bxd4 Bxd4 26. Re7 Qg6 27. Ne3 Rd7 28.
Ngxf5 Rxe7 29. Nxe7 Qf6 30. N7f5 Bxe3 31. Nxe3 Nd7 32. Ng4 Qd4 33. Qc3 h5 34.
Qxd4+ cxd4 35. Nh6 Bxg2 36. Rxg2 Rf8 37. Rg5 Rxf4 38. Rxh5 Rf2+ 39. Kg3 1/2-1/2

[Event "WCh U20"]
[Site "Pun"]
[Date "2014.10.14"]
[Round "8"]
[White "Pranavananda, V."]
[Black "Aradhya, Garg"]
[Result "0-1"]
[ECO "C51"]
[WhiteElo "2136"]
[BlackElo "2068"]
[Annotator "Doe,John"]
[PlyCount "102"]
[EventDate "2014.10.06"]
[EventType "swiss"]
[EventRounds "13"]
[EventCountry "IND"]
[TimeControl "6000+1625"]
[WhiteClock "0:02:05"]
[BlackClock "0:54:04"]

1. e4 e5 2. Nf3 Nc6 3. Bc4 Bc5 4. b4 Bxb4 5. c3 Be7 6. d4 Na5 7. Be2 d6 8. dxe5
dxe5 9. Qa4+ c6 10. c4 Qc7 11. O-O b6 12. Bb2 f6 13. Nc3 Bd7 14. Rad1 Nh6 15.
Ba3 Bxa3 16. Qxa3 Bg4 17. Nh4 Bxe2 18. Nxe2 Qe7 19. Qh3 Rd8 20. Ng3 O-O 21.
Nhf5 Nxf5 22. Nxf5 Qc7 23. c5 g6 24. cxb6 axb6 25. Ne3 Rd4 26. Ng4 h5 27. Ne3
Rfd8 28. Qg3 Kf7 29. Rxd4 Rxd4 30. f4 exf4 31. Rxf4 Qe5 32. Qf3 Rd3 33. h4 Qd4
34. Kf2 Nc4 35. e5 Qxe3+ 36. Qxe3 Nxe3 37. Rxf6+ Kg7 38. Rxc6 Ng4+ 39. Ke2 Nxe5
40. Rxb6 Ra3 41. Rb2 Nc4 42. Rc2 Ne3 43. Rc7+ Kh6 44. g3 Nf5 45. Kf2 Rxa2+ 46.
Kg1 Ra3 47. Kh2 Rxg3 48. Rc4 Rg4 49. Rc5 Rxh4+ 50. Kg2 Rc4 51. Ra5 Kg5 0-1

[Event "WCh U20"]
[Site "Pun"]
[Date "2014.10.14"]
[Round "8"]
[White "Abhijith, M."]
[Black "Doluweera, Minul Sanjula"]
[Result "0-1"]
[ECO "B12"]
[WhiteElo "2126"]
[BlackElo "1827"]
[Annotator "Doe,John"]
[PlyCount "100"]
[EventDate "2014.10.06"]
[EventType "swiss"]
[EventRounds "13"]
[EventCountry "IND"]
[TimeControl "6000+24995"]
[WhiteClock "0:28:12"]
[BlackClock "0:26:46"]

1. e4 c6 2. d4 d5 3. f3 dxe4 4. fxe4 e5 5. Nf3 Bg4 6. Bc4 Nd7 7. O-O Ngf6 8. c3
Qb6 9. a4 Bd6 10. a5 Qc7 11. Qc2 O-O 12. Bg5 Rae8 13. Nbd2 Bh5 14. Bd3 h6 15.
Bh4 Ng4 16. Nc4 exd4 17. cxd4 Nxh2 18. e5 Nxf3+ 19. gxf3 Be7 20. Bg3 Qd8 21.
Kg2 Bh4 22. Bxh4 Qxh4 23. Rh1 Bxf3+ 24. Kxf3 Qxd4 25. Rhe1 Nxe5+ 26. Nxe5 Rxe5
27. Bh7+ Kh8 28. Rad1 Qc5 29. b4 Qe7 30. Rxe5 Qxe5 31. Bd3 Re8 32. Qd2 Qh5+ 33.
Kg3 Re5 34. Rf1 Rg5+ 35. Kf4 Rg4+ 36. Kf3 Rg5+ 37. Ke4 Rd5 38. Rf4 Qg5 39. Qc3
Qg2+ 40. Ke3 Rg5 41. Re4 Rg3+ 42. Kd4 Qf2+ 43. Kc4 Qa2+ 44. Qb3 Qxb3+ 45. Kxb3
Rxd3+ 46. Kc4 Rd7 47. Re8+ Kh7 48. Ra8 a6 49. Kc5 g5 50. Kb6 g4 0-1

[Event "WCh U20"]
[Site "Pun"]
[Date "2014.10.14"]
[Round "8"]
[White "Manigandan, S S."]
[Black "Godbole, Atharva"]
[Result "0-1"]
[ECO "E14"]
[WhiteElo "2099"]
[BlackElo "2009"]
[Annotator "Doe,John"]
[PlyCount "74"]
[EventDate "2014.10.06"]
[EventType "swiss"]
[EventRounds "13"]
[EventCountry "IND"]
[TimeControl "6000+2280"]
[WhiteClock "0:31:00"]
[BlackClock "0:48:38"]

1. d4 Nf6 2. Nf3 e6 3. e3 b6 4. Bd3 Bb7 5. Nbd2 c5 6. b3 Be7 7. Bb2 cxd4 8.
exd4 d6 9. O-O Nbd7 10. Rc1 O-O 11. c4 Rc8 12. Qe2 Re8 13. Rfd1 Rc7 14. Bb1 Qa8
15. Qd3 Nf8 16. Ne1 Ng6 17. f3 Rd7 18. Qe3 Rc8 19. Nd3 Nh5 20. a3 h6 21. g3 Nf6
22. Nf2 Nf8 23. Nde4 N6h7 24. d5 exd5 25. cxd5 Rxc1 26. Bxc1 Bxd5 27. Qd3 Bb7
28. Bb2 d5 29. Nc3 Ng5 30. f4 Nge6 31. Ne2 d4 32. b4 a5 33. Nxd4 Nxd4 34. Bxd4
Bf6 35. Qc4 Qd8 36. Ba2 Ne6 37. Bxf6 Rxd1+ 0-1

[Event "WCh U20"]
[Site "Pun"]
[Date "2014.10.14"]
[Round "8"]
[White "Chaithanyaa, K.G."]
[Black "Nader, Mohamed"]
[Result "1-0"]
[ECO "B54"]
[WhiteElo "2029"]
[BlackElo "2098"]
[Annotator "Doe,John"]
[PlyCount "101"]
[EventDate "2014.10.06"]
[EventType "swiss"]
[EventRounds "13"]
[EventCountry "IND"]
[TimeControl "6000+1535"]
[WhiteClock "0:24:59"]
[BlackClock "0:35:50"]

1. e4 c5 2. Nf3 a6 3. Nc3 e6 4. d4 cxd4 5. Nxd4 d6 6. g4 Nc6 7. Nxc6 bxc6 8.
Qf3 d5 9. Bf4 Bb4 10. O-O-O Ne7 11. a3 Bd6 12. Qg3 Bxf4+ 13. Qxf4 Ng6 14. Qe3
Qe7 15. f4 Qa7 16. Qg3 d4 17. Ne2 c5 18. f5 Ne7 19. Nf4 Qc7 20. Bc4 Rb8 21.
fxe6 fxe6 22. Nxe6 Qxg3 23. hxg3 Bxe6 24. Bxe6 Rb6 25. Bc4 Rg6 26. Be2 Kd8 27.
Rh5 Rc6 28. c3 Kc7 29. cxd4 cxd4+ 30. Kb1 Rb6 31. Rxd4 Rhb8 32. Rc5+ Nc6 33.
Rd2 Re8 34. Rdc2 Kb7 35. Bc4 Nd4 36. Bd5+ Kb8 37. Rf2 Ne6 38. Rc6 Rxc6 39. Bxc6
Rf8 40. Rf5 g6 41. Re5 Nd4 42. Bd5 Rf3 43. Re7 Rxg3 44. Rxh7 Rxg4 45. e5 Rg1+
46. Ka2 Re1 47. e6 Kc8 48. Bc4 Nc6 49. Bxa6+ Kd8 50. Rd7+ Ke8 51. Bb5 1-0